 Dungeon Crawl Stone Soup version 0.31-a0-233-g139696dc86 (webtiles) character file.

Game seed: 18360781801770782039

131 qw the Shooter (level 5, 0/30 HPs)
             Began as a Gargoyle Hexslinger on July 8, 2023.
             Frozen to death by an endoplasm (3 damage)
             ... on level 3 of the Dungeon.
             The game lasted 00:00:40 (1946 turns).

qw the Shooter (Gargoyle Hexslinger)                Turns: 1946, Time: 00:00:40

Health: 0/30       AC: 10    Str: 11    XL:     5   Next: 14%
Magic:  6/6        EV: 10    Int: 14    God:
Gold:   136        SH:  0    Dex: 14    Spells: 5/6 levels left

rFire   . . .        Y - +1 sling (drain)
rCold   . . .        (no shield)
rNeg    + . .        f - +0 ring mail
rPois   inf          d - +0 helmet
rElec   +            (no cloak)
rCorr   .            (no gloves)
SInv    .            (no boots)
Will    .....        (no amulet)
Stlth   +            (no ring)
HPRegen 0.25/turn    (no ring)
MPRegen 0.10/turn

%: no passive effects
@: about to teleport
A: sickness immunity, AC +4, negative energy resistance 1, electricity
resistance, torment resistance 1, petrification resistance
a: no special abilities


You were on level 3 of the Dungeon.
You visited 1 branch of the dungeon, and saw 3 of its levels.

You collected 136 gold pieces.


Innate Abilities, Weirdness & Mutations

You are immune to sickness and miasma.
Your stone body is resilient. (AC +4)
You are immune to poison.
You resist negative energy. (rN+)
You are resistant to electric shocks. (rElec)
You are resistant to unholy torment.
You are immune to petrification.


   Skills:
 - Level 2.0 Fighting
 + Level 4.4 Ranged Weapons
 - Level 2.0 Armour
 - Level 1.5 Dodging
 - Level 1.0 Spellcasting
 - Level 2.6 Hexes


You had 5 spell levels left.
You knew the following spells:

 Your Spells              Type           Power      Damage    Failure   Level
a - Slow                  Hex            32%        N/A       21%         1

Your spell library contained the following spells:

 Spells                   Type           Power      Damage    Failure   Level
 Inner Flame              Hex/Fire       4%         N/A       71%         3
 Portal Projectile        Hex/Tloc       8%         N/A       71%         3
 Cause Fear               Hex            4%         N/A       90%         4

Inventory:

Hand Weapons
 Y - a +1 sling of draining (weapon)
Armour
 b - a +0 cloak
 d - a +0 helmet (worn)
 f - a +0 ring mail (worn)
Scrolls
 e - 2 scrolls of teleportation
Potions
 a - a potion of heal wounds {unknown}
 g - a potion of resistance {unknown}

Dungeon Overview and Level Annotations

Branches:
Dungeon (3/15)

Altars:


Message History

The sling bullet hits the orc.
The orc is almost dead.
You shoot a sling bullet. The sling bullet barely misses the orc.
The sling bullet closely misses the orc priest.
The sling bullet closely misses the orc.
The sling bullet completely misses the endoplasm.
The orc hits you but does no damage.
The orc priest looks braver for a moment.
You shoot a sling bullet. The sling bullet hits the orc.
You kill the orc!
You shoot a sling bullet. The sling bullet hits the orc priest.
You drain the orc priest.
The orc priest is severely wounded.
You shoot a sling bullet. The sling bullet hits the orc priest.
The orc priest is almost dead.
The orc priest hits you but does no damage.
The orc hits you but does no damage.
The orc priest invokes the aid of Beogh against you.
Beogh smites you!
You shoot a sling bullet. The sling bullet hits the orc priest.
You kill the orc priest!
The orc hits you but does no damage.
Your Armour skill gained 2 levels and is now at level 2!
You have reached level 5!
You shoot a sling bullet. The sling bullet hits the orc.
The orc is heavily wounded.
The endoplasm freezes you.
You are frozen.
The orc hits you with a +0 hand axe.
1945 ||| READING 3 scrolls of teleportation.
As you read the scroll of teleportation, it crumbles to dust.
You feel strangely unstable.
The endoplasm hits you but does no damage.
The orc hits you but does no damage.
You shoot a sling bullet.
The sling bullet closely misses the orc.
The endoplasm hits you. The orc completely misses you.
An orc comes into view. It is wielding a +0 short sword.
The endoplasm freezes you.
You are frozen.
You die...

....# ########## .##.#
#....<.... ###.#
#.######## #
#.#######.####
###............#
#.%.........##.#
#.#########.##.#### #..
..)..............o#.....
..###...........@J...)..
.......####...########..
..###.## #...# ..# #...#
..# ..... ..# #.#... ...
....## .##


You could see an orc and an endoplasm.

Vanquished Creatures
  An orc priest (D:3)
  3 adders (D:2)
  2 worms (D:2)
  A dart slug (D:1)
  5 orcs
  5 bats
  4 endoplasms
  5 hobgoblins
  3 jackals (D:2)
  5 kobolds
  3 quokkas (D:1)
  7 ball pythons
  4 frilled lizards
  5 goblins
  6 rats
59 creatures vanquished.

Notes
Turn   | Place    | Note
-------+----------+-------------------------------------------
     0 | D:1      | qw the Gargoyle Hexslinger began the quest for the Orb.
     0 | D:1      | Reached XP level 1. HP: 12/12 MP: 2/2
     0 | D:1      | 0 ||| qw: Version: 0.3-a-46-gb1f654a
     0 | D:1      | 0 ||| qw: Game counter: 3348
     0 | D:1      | 0 ||| qw: Melee chars always use a shield: true
     0 | D:1      | 0 ||| qw: God list: Okawaru
     0 | D:1      | 0 ||| qw: Allow faded altars: false
     0 | D:1      | 0 ||| qw: Do Orc after clearing Dungeon:15 true
     0 | D:1      | 0 ||| qw: Do second Lair branch before Depths: true
     0 | D:1      | 0 ||| qw: Lair rune preference: random
     0 | D:1      | 0 ||| qw: Goals: Normal
     0 | D:1      | 0 ||| PLANNING D:1-11
     7 | D:1      | Found a faded altar of an unknown god.
   131 | D:1      | Reached XP level 2. HP: 16/16 MP: 3/3
   156 | D:1      | Reached skill level 3 in Ranged Weapons
   290 | D:1      | HP: 4/16 [quokka (1)]
   410 | D:1      | Reached XP level 3. HP: 21/21 MP: 4/4
   945 | D:1      | 945 ||| READING scroll labelled ITHRERPH TOALUAX.
   946 | D:1      | 946 ||| READING 4 scrolls labelled ASUEDU ICOCEU.
   951 | D:1      | 951 ||| READING scroll labelled TAUPPE DUYMM.
   952 | D:1      | 952 ||| DROPPING scroll of poison.
  1301 | D:2      | Reached XP level 4. HP: 25/26 MP: 5/5
  1387 | D:2      | Reached skill level 4 in Ranged Weapons
  1807 | D:2      | 1807 ||| UPGRADING to +0 helmet.
  1812 | D:2      | 1812 ||| UPGRADING to +0 ring mail.
  1822 | D:2      | 1822 ||| DROPPING +0 robe.
  1823 | D:2      | 1823 ||| READING 3 scrolls labelled IBUVVEOLEE.
  1844 | D:2      | 1844 ||| DROPPING 2 scrolls of torment.
  1944 | D:3      | Reached XP level 5. HP: 14/30 MP: 6/6
  1944 | D:3      | HP: 4/30 [orc/+0 hand axe (5)]
  1945 | D:3      | 1945 ||| READING 3 scrolls of teleportation.
  1946 | D:3      | Frozen to death by an endoplasm

Levels and vault maps discovered:
D:1:      wander_arrival_peaceful_grave, layout_basic,
          ebering_ecumenical_altar_sacrificial
D:2:      layout_loops_corners
D:3:      layout_loops_ring, minitemple

Skill      XL: |  1  2  3  4 |
---------------+-------------+-----
Ranged Weapons | 3 4 |  4.4
Fighting       | 2 |  2.0
Armour         | 2 |  2.0
Dodging        | |  1.5
Spellcasting   | |  1.0
Hexes          | |  2.6

Action                     |  1- 3 |  4- 6 || total
---------------------------+-------+-------++-------
   Fire: Sling             |   111 |    50 ||   161
    Use: Scroll            |     3 |     2 ||     5
 Armour: Robe              |    16 |     6 ||    22
         Ring mail         |       |     6 ||     6
  Dodge: Dodged            |    23 |     9 ||    32

Table legend:
 A = Non-vault XP
 B = Vault XP
 C = Vault XP percentage of total XP
 D = Non-vault monster count
 E = Vault monster count
 F = Vault count percentage of total count
                 A         B        C        D         E       F
            +---------+---------+-------+---------+---------+-------
      Total |     188 |       0 |   0.0 |      59 |       0 |   0.0
            +---------+---------+-------+---------+---------+-------
        D:1 |      44 |       0 |   0.0 |      27 |       0 |   0.0
        D:2 |      89 |       0 |   0.0 |      26 |       0 |   0.0
        D:3 |      55 |       0 |   0.0 |       6 |       0 |   0.0
            +---------+---------+-------+---------+---------+-------
